 Dungeon Crawl Stone Soup version 0.31-a0-810-ga77100ea1a (webtiles) character file.

Game seed: 7575852762974379347

737 javelincjr the Changeling (level 7, -9/35 HPs)
             Began as a Spriggan Shapeshifter on Sept 21, 2023.
             Was a Follower of Qazlal.
             Mangled by a wight
             ... wielding a +3 long sword
              (17 damage)
             ... on level 5 of the Dungeon.
             The game lasted 00:22:19 (5399 turns).

javelincjr the Changeling (Spriggan Shapeshifter)   Turns: 5399, Time: 00:22:20

Health: -9/35      AC:  4    Str: 12    XL:     7   Next: 46%
Magic:  9/9        EV: 17    Int: 12    God:    Qazlal [*.....]
Gold:   66         SH:  1    Dex:  9    Spells: 6/6 levels left

rFire   . . .        b - +6 club
rCold   + . .        (no shield)
rNeg    + . .        n - +2 animal skin
rPois   .            (helmet currently unavailable)
rElec   +            (cloak currently unavailable)
rCorr   .            (gloves unavailable)
SInv    +            (boots unavailable)
Will    +....        (no amulet)
Stlth   ++           t - ring "Ravat" {rElec rC+ rN+ Dex-5 Stlth+}
HPRegen 0.25/turn    (no ring)
MPRegen 0.11/turn

%: no passive effects
@: beast-form, very quick
A: beast (slay +4), very small, no large weapons, unfitting armour, see
invisible, speed 3
a: Begin Untransformation, Renounce Religion


You were on level 5 of the Dungeon.
You worshipped Qazlal.
Qazlal was aware of your devotion.
You were a hulking beast.
You visited 2 branches of the dungeon, and saw 7 of its levels.

You collected 300 gold pieces.
You spent 234 gold pieces at shops.

Inventory:

Hand Weapons
 a - a +1 sling
 b - a +6 club (weapon)
Missiles
 l - 61 stones
Armour
 k - a +3 leather armour
 n - a +2 animal skin (worn)
Jewellery
 i - an amulet of faith
 t - the ring "Ravat" (left hand) {rElec rC+ rN+ Dex-5 Stlth+}
   (You found it on level 4 of the Dungeon)

   [ring of positive energy]

   Dex-5:     It affects your dexterity (-5).
   rC+:       It protects you from cold.
   rElec:     It insulates you from electricity.
   rN+:       It protects you from negative energy.
   Stlth+:    It makes you more stealthy.
 u - a ring of ice
 y - a ring of poison resistance
Talismans
 c - a beast talisman (active)
 d - a flux talisman
Wands
 r - a wand of flame (14)
 s - a wand of iceblast (12)
Scrolls
 f - a scroll of immolation
 g - 3 scrolls of teleportation
 h - 2 scrolls of butterflies
 x - a scroll of enchant armour
Potions
 e - 6 potions of curing
 j - a potion of cancellation
 m - 3 potions of heal wounds
 o - 2 potions of lignification
 p - a potion of mutation {unknown}
 q - 2 potions of attraction {unknown}
 v - a potion of magic {unknown}


   Skills:
 + Level 2.7 Fighting
 + Level 2.3 Ranged Weapons
 + Level 5.0 Dodging
 + Level 3.7 Unarmed Combat
 + Level 1.7 Invocations
 * Level 7.0 Shapeshifting


You had 6 spell levels left.
You didn't know any spells.
Your spell library contained the following spells:

 Spells                   Type           Power      Damage    Failure   Level
 Sandblast                Erth           0%         2d4       32%         1
 Summon Small Mammal      Summ           0%         N/A       32%         1
 Blink                    Tloc           0%         N/A       45%         2
 Passwall                 Tmut/Erth      0%         N/A       45%         2
 Poisonous Vapours        Pois/Air       0%         N/A       45%         2
 Scorch                   Fire           0%         2d5       45%         2
 Wereblood                Tmut           0%         N/A       45%         2
 Call Canine Familiar     Summ           0%         N/A       69%         3
 Frozen Ramparts          Ice            0%         1d1       69%         3
 Mephitic Cloud           Conj/Pois/Air  0%         N/A       69%         3
 Stone Arrow              Conj/Erth      0%         3d7       69%         3
 Summon Guardian Golem    Hex/Summ       0%         N/A       69%         3
 Brom's Barrelling Bould  Conj/Erth      0%         2d3       97%         4
 Manifold Assault         Tloc           0%         N/A       97%         4
 Petrify                  Tmut/Erth      0%         N/A       97%         4
 Freezing Cloud           Conj/Ice/Air   0%         6-21      100%        5
 Irradiate                Conj/Tmut      0%         3d11      100%        5
 Metabolic Englaciation   Hex/Ice        0%         N/A       100%        5
 Dispersal                Tloc           0%         N/A       100%        6
 Disjunction              Tloc           0%         N/A       100%        8


Dungeon Overview and Level Annotations

Branches:
Dungeon (6/15)             Temple (1/1) D:4

Altars:
Ashenzari
Dithmenos
Gozag
Hepliaklqana
Kikubaaqudgha
Nemelex Xobeh
Okawaru
Qazlal
Sif Muna
Trog
Uskayaw
Vehumet
Xom
Yredelemnul
Zin
The Shining One

Shops:
D:3 ![:*   D:4 ?:?


Innate Abilities, Weirdness & Mutations

You are a hulking beast.
Your limbs bulge with bestial killing power. (Slay +4)
You are very small and have problems with some larger weapons.
You are too small for most types of armour.
You have supernaturally acute eyesight. (SInv)
You cover ground extremely quickly. (Speed+++)


Message History

HP restored.
There is an open door here.
Things that are here:
a +0 club; a gnoll skeleton
There is a stone staircase leading down here.
You climb downwards.
There is a stone staircase leading up here.
You open the door.
There is an open door here.
Found a falchion.
The kobold brigand shouts!
You hear a shout!
The kobold brigand throws a curare-tipped dart.
The curare-tipped dart hits you.
You are poisoned.
You have difficulty breathing.
You feel yourself slow down.
An orc priest comes into view. It is wielding a +0 flail.
You feel very sick.
You feel sick.
You feel sick.
You feel sick.
You feel sick.
You feel sick.
You feel sick.
You feel sick.
You feel sick.
You are no longer poisoned.
The wight closely misses you.
There is a stone staircase leading up here.
You sock the wight!
The wight is heavily damaged.
The wight barely misses you.
The wight hits you with a +3 long sword!
* * * LOW HITPOINT WARNING * * *
The wight barely misses you.
You climb upwards.
You feel yourself speed up.
There is a stone staircase leading down here.
The wight attacks as it pursues you!
The wight hits you with a +3 long sword!
You die...

#.....#...........#......#
##....#........<..#......#
##....#############......#
......................[..#
.>.......................#
.........................#
##.###)####......##......#
##.##...###......##....###
................h##....##
................z.#.....#
...............°..#.....#
..................#.....#
..................#.....#
#########################


You could see a wight.

Vanquished Creatures
  An orc warrior (D:4)
  An ogre (D:4)
  A scorpion (D:5)
  2 wights
  A howler monkey (D:5)
  A hound (D:5)
  A jelly (D:6)
  Jessica (D:3)
  An orc wizard (D:4)
  10 gnolls
  An adder (D:6)
  2 ufetubi (D:5)
  4 worms
  3 dart slugs
  9 orcs
  3 endoplasms
  2 giant cockroaches
  9 goblins
  7 hobgoblins
  12 jackals
  12 kobolds
  3 quokkas (D:1)
  12 ball pythons
  A bat (D:3)
  6 frilled lizards
  7 rats
113 creatures vanquished.

Notes
Turn   | Place    | Note
-------+----------+-------------------------------------------
     0 | D:1      | javelincjr the Spriggan Shapeshifter began the quest for
                  | the Orb.
     0 | D:1      | Reached XP level 1. HP: 9/9 MP: 2/2
     2 | D:1      | Noticed an octopode
     2 | D:1      | Noticed a formicid
     4 | D:1      | Noticed a vampire
     6 | D:1      | Noticed a tengu
     6 | D:1      | Noticed an elf
     8 | D:1      | Noticed a meteoran
     8 | D:1      | Noticed a gargoyle
    10 | D:1      | Noticed a demonspawn
    10 | D:1      | Noticed a vine stalker
    12 | D:1      | Noticed a human
    14 | D:1      | Noticed a spriggan
    14 | D:1      | Noticed a naga
    16 | D:1      | Noticed a merfolk
    18 | D:1      | Noticed an armataur
    18 | D:1      | Noticed a minotaur
    20 | D:1      | Noticed a ghoul
    20 | D:1      | Noticed an ogre
    22 | D:1      | Noticed a draconian
    22 | D:1      | Noticed a demigod
    24 | D:1      | Noticed a demonspawn
    24 | D:1      | Noticed a felid
    26 | D:1      | Noticed a draconian
    26 | D:1      | Noticed an ogre
   147 | D:1      | Reached skill level 1 in Fighting
   157 | D:1      | Reached XP level 2. HP: 11/14 MP: 3/3
   723 | D:1      | Reached XP level 3. HP: 18/18 MP: 4/4
  1798 | D:3      | Noticed Jessica
  1946 | D:3      | Killed Jessica
  1947 | D:3      | Reached skill level 5 in Shapeshifting
  1947 | D:3      | Reached XP level 4. HP: 22/22 MP: 5/5
  2185 | D:3      | Identified the +0 pair of boots of Makhleb's Condemnation
                  | {rF+ Dex+2}
  2233 | D:3      | Found Ukevagu's General Store.
  2236 | D:3      | Bought a scroll of identify for 22 gold pieces
  2255 | D:3      | Found Unonakos's Book Shoppe.
  2412 | D:3      | Found Cividal's Distillery.
  2422 | D:3      | Bought a potion of heal wounds for 55 gold pieces
  2489 | D:3      | Reached XP level 5. HP: 18/26 MP: 6/6
  2624 | D:3      | Found an opulent altar of Gozag.
  2958 | D:3      | Found Xedom's Armour Shop.
  3266 | D:4      | Noticed an ogre
  3321 | D:4      | Killed an ogre
  3322 | D:4      | Reached skill level 1 in Ranged Weapons
  3322 | D:4      | Reached skill level 6 in Shapeshifting
  3322 | D:4      | Reached XP level 6. HP: 30/30 MP: 7/7
  3331 | D:4      | Found a staircase to the Ecumenical Temple.
  3338 | Temple   | Entered the Ecumenical Temple
  3345 | Temple   | Became a worshipper of Qazlal Stormbringer
  3522 | D:4      | Found Anudgh's Book Emporium.
  3544 | D:4      | Found Fojocvaruaz's Magic Scroll Boutique.
  3552 | D:4      | Bought a scroll of enchant weapon for 82 gold pieces
  3586 | D:4      | Identified the ring "Ravat" {rElec rC+ rN+ Dex-5 Stlth+}
  3671 | D:4      | Found a shimmering blue altar of Sif Muna.
  3674 | D:4      | Noticed an orc warrior
  3866 | D:4      | Killed an orc warrior
  3967 | D:4      | Got a well-preserved book
  3972 | D:4      | Found a bloodstained altar of Trog.
  4036 | D:4      | Found Topezese's Magic Scroll Boutique.
  4044 | D:4      | Bought a scroll of enchant armour for 75 gold pieces
  4103 | D:5      | Entered Level 5 of the Dungeon
  4158 | D:5      | Reached skill level 1 in Invocations
  4179 | D:5      | Found a broken altar of Ashenzari.
  4362 | D:5      | Found a hide-covered altar of Uskayaw.
  4706 | D:5      | Reached XP level 7. HP: 35/35 MP: 8/8
  5171 | D:5      | Reached skill level 5 in Dodging
  5171 | D:5      | Reached skill level 7 in Shapeshifting
  5199 | D:5      | Reached * piety under Qazlal
  5399 | D:5      | Mangled by a wight

Illustrated notes

Levels and vault maps discovered:
D:1:      kb_arrival_jail, layout_loops_ring, minmay_split_cup_small
D:2:      layout_basic
D:3:      layout_basic, mainiacjoe_overflow_cross_hatched, serial_shops,
          nicolae_lakefront_shop, nicolae_shop_competitors_out_of_business,
          nicolae_shop_real_fake_doors, shop, grunt_ministairs_7, uniq_jessica
D:4:      layout_rooms, nzn_overflow_gifts_of_might_and_magic, temple_green,
          serial_shops, nicolae_diamond_shop, shop, shop
D:5:      layout_gridville, nicolae_uskayaw_murder_on_the_dancefloor,
          cheibrodos_ashenzari_chains
D:6:      layout_rooms, minmay_misc_feat_encased
Temple:   minmay_freezing_vapour_temple

Skill      XL: |  1  2  3  4  5  6  7 |
---------------+----------------------+-----
Fighting       | 1 2 |  2.7
Dodging        | 3 4 5 |  5.0
Shapeshifting  | 5 6 7 |  7.0
Unarmed Combat | 3 |  3.7
Ranged Weapons | 1 2 |  2.3
Invocations    | 1 |  1.7

Action                     |  1- 3 |  4- 6 |  7- 9 || total
---------------------------+-------+-------+-------++-------
  Melee: Unarmed           |   131 |       |       ||   131
         Punch             |     1 |       |       ||     1
         Club              |       |     8 |    12 ||    20
   Fire: Sling             |    13 |   218 |    51 ||   282
  Throw: Stone             |       |       |     1 ||     1
    Use: Scroll            |       |    10 |     1 ||    11
   Stab: Sleeping          |     3 |       |       ||     3
 Armour: Animal skin       |    33 |    26 |    15 ||    74
  Dodge: Dodged            |    79 |    68 |    30 ||   177
  Block: Other             |       |       |     1 ||     1

Table legend: (Time is in decaauts)
 A = Elapsed time spent in this place.
 B = Non-inter-level travel time spent in this place.
 C = Inter-level travel time spent in this place.
 D = Time resting spent in this place.
 E = Time spent auto-exploring this place.
 F = Levels seen in this place.
 G = Mean time per level.
                   A        B        C        D        E       F      G
               +--------+--------+--------+--------+--------+-----+--------+
         Total |   3867 |   3692 |    175 |    399 |   2098 |   7 |  552.4 |
       Dungeon |   3858 |   3683 |    175 |    399 |   2098 |   6 |  643.0 |
        Temple |      8 |      8 |      0 |      0 |      0 |   1 |    8.0 |
               +--------+--------+--------+--------+--------+-----+--------+

Top non-repeatable levels by time:
     D:3: 908 daAuts
     D:2: 770 daAuts
     D:5: 729 daAuts
     D:4: 627 daAuts
     D:1: 554 daAuts
     D:6: 268 daAuts
  Temple: 8 daAuts
